 Dungeon Crawl Stone Soup version 0.23-a0-655-g3751e1c (webtiles) character file.

94486 Amnesiac the Earth Mage (level 15, 0/146 HPs)
             Began as a Troll Earth Elementalist on Jan 7, 2019.
             Was a High Priest of Vehumet.
             Slain by a shambling mangrove (23 damage)
             ... on level 2 of the Swamp.
             The game lasted 01:07:13 (25219 turns).

Amnesiac the Earth Mage (Troll Earth Elementalist) Turns: 25219, Time: 01:07:14

Health: 0/146      AC: 14    Str: 23    XL:     15   Next: 63%
Magic:  36/50      EV: 10    Int: 16    God:    Vehumet [*****.]
Gold:   2006       SH: 11    Dex: 10    Spells: 6/31 levels left

rFire    x . .     SeeInvis .   a - staff of power
rCold    + . .     Gourm    +   K - +0 shield
rNeg     + . .     Faith    .   E - +1 acid dragon scales of Zowai {rPois rCorr Str+3}
rPois    +         Spirit   .   L - +2 hat
rElec    .         Reflect  .   W - scarf {repulsion}
rCorr    +         Harm     .   (gloves unavailable)
MR       ++...                  (boots unavailable)
Stlth    +.........             f - amulet of magic regeneration
HPRegen  0.74/turn              x - ring "Sul Pyl" {Ice *Drain rPois rN+ MP+9}
MPRegen  0.57/turn              I - ring of wizardry

@: grasped by roots, very slightly contaminated, constricted, repel missiles
A: large, unfitting armour, claws 3, slimy green scales 1, fast metabolism 3,
gourmand, magic resistance 1, regeneration 1, shaggy fur 1, tough skin 2, wild
magic 1
a: Renounce Religion


You were on level 2 of the Swamp.
You worshipped Vehumet.
Vehumet was extremely pleased with you.
You were full.

You visited 6 branches of the dungeon, and saw 24 of its levels.
You also visited: Ice Cave and Volcano.

You collected 2471 gold pieces.
You spent 465 gold pieces at shops.

Inventory:

Hand Weapons
 j - the +6 falchion of Impeachment {flame, rN+}
   (You found it on level 4 of the Dungeon)

   It has been specially enchanted to burn those struck by it, causing extra
   injury to most foes and up to half again as much damage against particularly
   susceptible opponents.
   Big, fiery blades are also staple armaments of hydra-hunters.
   It protects you from negative energy.
Missiles
 h - 357 stones (quivered)
Armour
 E - the +1 acid dragon scales of Zowai (worn) {rPois rCorr Str+3}
   (You found it in an ice cave)

   It affects your strength (+3).
   It protects you from poison.
   It provides partial protection from all sources of acid and corrosion.
 K - a +0 shield (worn)
 L - a +2 hat (worn)
 N - a +1 robe of resistance
 W - a scarf of repulsion (worn)
Magical Staves
 a - an uncursed staff of power (weapon)
 b - an uncursed staff of earth
Jewellery
 f - an amulet of magic regeneration (around neck)
 x - the ring "Sul Pyl" (left claw) {Ice *Drain rPois rN+ MP+9}
   (You found it on level 6 of the Lair of Beasts)

   [ring of ice]

   It enhances your ice magic.
   It makes you vulnerable to fire.
   It protects you from cold.
   It protects you from poison.
   It protects you from negative energy.
   It affects your magic capacity (+9).
   It causes draining when unequipped.
 B - an uncursed ring of protection from fire
 I - a ring of wizardry (right claw)
 J - an uncursed ring of see invisible
 S - an uncursed ring of flight
 X - a +4 ring of intelligence
 Z - an uncursed ring of protection from cold
Wands
 v - a wand of paralysis (7)
 H - a wand of random effects (46)
 O - a wand of polymorph (16)
 P - a wand of digging (4)
 Q - a wand of enslavement (6)
 R - a wand of flame (19)
 T - a wand of iceblast (19)
Scrolls
 i - 9 scrolls of teleportation {!r}
 l - 8 scrolls of amnesia {!r}
 n - 3 scrolls of fog {!r}
 o - 8 scrolls of identify {!r}
 p - 2 scrolls of blinking {!r}
 t - 12 scrolls of remove curse {!r}
 u - a scroll of silence {!r, unknown}
 y - 2 scrolls of magic mapping {!r}
 F - 4 scrolls of fear {!r}
 U - 4 scrolls of enchant armour {!r}
 Y - a scroll of vulnerability {!r}
Potions
 c - 2 potions of cancellation {!q}
 e - 4 potions of heal wounds {!q}
 g - a potion of brilliance {!q}
 m - 4 potions of haste {!q}
 q - 2 potions of might {!q}
 r - 4 potions of curing {!q}
 s - 2 potions of berserk rage {!q}
 w - 3 potions of magic {!q}
 z - 2 potions of lignification {!q}
 A - 4 potions of flight {!q}
 C - 2 potions of mutation {!q}
 D - 2 potions of agility {!q}
 G - 2 potions of resistance {!q}
 M - 2 potions of ambrosia {!q}
Miscellaneous
 k - a sack of spiders
Comestibles
 d - 13 rations


   Skills:
 - Level 9.0 Fighting
 - Level 9.0 Dodging
 - Level 1.0 Stealth
 - Level 9.0 Shields
 + Level 8.6 Spellcasting
 - Level 1.0 Transmutations
 - Level 16.0 Earth Magic


You had 6 spell levels left.
You knew the following spells:

 Your Spells              Type           Power        Failure   Level  Hunger
a - Sandblast             Erth           ######       1%          1    None
b - Passwall              Tmut/Erth      #####...     1%          2    None
c - Stone Arrow           Conj/Erth      #####.       1%          3    #......
d - Lee's Rapid Deconstr  Erth           ######....   1%          5    #####..
e - Petrify               Tmut/Erth      #####...     2%          4    ###....
f - Apportation           Tloc           #.....       9%          1    None
v - Blink                 Tloc           N/A          12%         2    None
w - Iron Shot             Conj/Erth      #####.....   11%         6    ######.
z - Confusing Touch       Hex            #.....       9%          1    None

Your spell library contained the following spells:

 Spells                   Type           Power        Failure   Level  Hunger
 Orb of Destruction       Conj           #.........   100%        7    #######
 Flame Tongue             Conj/Fire      #....        2%          1    None
 Magic Dart               Conj           #...         2%          1    None
 Shock                    Conj/Air       #...         2%          1    None
 Sting                    Conj/Pois      #...         2%          1    None
 Searing Ray              Conj           #.....       3%          2    None
 Throw Flame              Conj/Fire      #.....       3%          2    None
 Conjure Flame            Conj/Fire      #.......     6%          3    #......
 Dazzling Spray           Conj/Hex       #.....       6%          3    #......
 Inner Flame              Hex/Fire       #.......     6%          3    #......
 Mephitic Cloud           Conj/Pois/Air  #.......     6%          3    #......
 Static Discharge         Conj/Air       #.......     6%          3    #......
 Bolt of Magma            Conj/Fire/Erth ####......   6%          5    #####..
 Animate Skeleton         Necr           N/A          9%          1    None
 Corona                   Hex            #......      9%          1    None
 Summon Small Mammal      Summ           #...         9%          1    None
 Call Imp                 Summ           #.......     12%         2    None
 Ensorcelled Hibernation  Hex/Ice        ##....       12%         2    None
 Poisonous Vapours        Pois/Air       #.....       12%         2    None
 Slow                     Hex            #.......     12%         2    None
 Swiftness                Chrm/Air       #.......     12%         2    None
 Airstrike                Air            #.........   17%         4    ###....
 Force Lance              Conj/Tloc      #.......     17%         4    ###....
 Fulminant Prism          Conj/Hex       #.........   17%         4    ###....
 Iskenderun's Mystic Bla  Conj           #.......     17%         4    ###....
 Olgreb's Toxic Radiance  Pois           #.......     17%         4    ###....
 Sticky Flame             Conj/Fire      #.......     17%         4    ###....
 Confuse                  Hex            #.......     21%         3    #......
 Tukima's Dance           Hex            #.......     21%         3    #......
 Yara's Violent Unravell  Hex/Tmut       ##........   32%         5    #####..
 Fireball                 Conj/Fire      #.........   38%         5    #####..
 Iskenderun's Battlesphe  Conj/Chrm      #.......     38%         5    #####..
 Lightning Bolt           Conj/Air       #.........   38%         5    #####..
 Venom Bolt               Conj/Pois      #.........   38%         5    #####..
 Cause Fear               Hex            #.........   52%         4    ###....
 Silence                  Hex/Air        #.........   85%         5    #####..
 Deflect Missiles         Chrm/Air       #.........   100%        6    ######.
 Spellforged Servitor     Conj/Summ      #.........   100%        7    #######
 Discord                  Hex            #.........   100%        8    #######


Dungeon Overview and Level Annotations

Branches:
Dungeon (12/15)            Temple (1/1) D:5            Lair (6/6) D:11
  Swamp (2/4) Lair:2       Spider (1/4) Lair:4        Slime (0/5) Lair:5
    Orc (2/2) D:12            Elf (0/3) Orc:2

Altars:
Ashenzari
Cheibriados
Dithmenos
Elyvilon
Fedhas
Gozag
Hepliaklqana
Kikubaaqudgha
Makhleb
Nemelex Xobeh
Okawaru
Qazlal
Ru
Sif Muna
Trog
Uskayaw
Vehumet
Wu Jian
Xom
Yredelemnul
Zin
The Shining One
Beogh
Jiyva

Shops:
D:8 =   Orc:2 *}**


Innate Abilities, Weirdness & Mutations

You are too large for most types of armour.
You have claws for hands.
Your metabolism is lightning-fast.
You like to eat raw meat.
Your natural rate of healing is unusually fast.
You are covered in fur. (AC +1)
You have very tough skin. (AC +2)
You are partially covered in slimy green scales. (AC +2)
You are resistant to hostile enchantments. (MR+)
Your spells are a little harder to cast, but a little more powerful.


Message History

Casting: Iron Shot (quite dangerous; 11% risk of failure)
Confirm with . or Enter, or press ? or * to list all spells.
Aiming: Iron Shot (quite dangerous; 11% risk of failure)
Press: ? - help, Shift-Dir - straight line, f/p - shambling mangrove
Aim: a shambling mangrove (moderately damaged)
The iron shot hits the shambling mangrove.
The shambling mangrove is heavily damaged.
Roots burst forth from the earth!
The grasping roots grab you!
* * * LOW HITPOINT WARNING * * *
The grasping roots constrict you.
Casting: Iron Shot (quite dangerous; 11% risk of failure)
Confirm with . or Enter, or press ? or * to list all spells.
Aiming: Iron Shot (quite dangerous; 11% risk of failure)
Press: ? - help, Shift-Dir - straight line, f/p - shambling mangrove
Aim: a shambling mangrove (heavily damaged)
The iron shot hits the shambling mangrove.
The shambling mangrove is severely damaged.
You block the shambling mangrove's attack.
* * * LOW HITPOINT WARNING * * *
The grasping roots constrict you!
Casting: Iron Shot (quite dangerous; 11% risk of failure)
Confirm with . or Enter, or press ? or * to list all spells.
You escape the roots' grasp.
You blink.
Splash!
You fall into the shallow water.
Roots burst forth from the earth!
The grasping roots grab you!
* * * LOW HITPOINT WARNING * * *
The grasping roots constrict you.
The roots' grasp on you weakens, but your attempt to escape fails.
The grasping roots constrict you.
Really quaff
e - 6 potions of heal wounds {!q}?
You feel much better. The shambling mangrove hits you!
* * * LOW HITPOINT WARNING * * *
x2 The grasping roots constrict you.
You escape the roots' grasp.
Roots burst forth from the earth!
The grasping roots grab you!
* * * LOW HITPOINT WARNING * * *
The grasping roots constrict you!
Really quaff
e - 5 potions of heal wounds {!q}?
You feel much better.
A spiny frog comes into view.
* * * LOW HITPOINT WARNING * * *
The grasping roots constrict you!
Casting: Blink (safe; 12% risk of failure)
Confirm with . or Enter, or press ? or * to list all spells.
Aiming: Sandblast (safe; 1% risk of failure)
Press: ? - help, Shift-Dir - straight line, f/p - shambling mangrove
Aim: a shambling mangrove (severely damaged)
The blast of sand hits the shambling mangrove.
The shambling mangrove is severely damaged.
h - 357 stones
Okay, then.
You escape the roots' grasp.
There is a stone staircase leading up here.
Really read
p - 3 scrolls of blinking {!r}?
Blink to where?
Press: ? - help, Dir - move target cursor, p - shambling mangrove You are very lightly contaminated with residual magic.
As you read the scroll of blinking {!r}, it crumbles to dust.
Roots burst forth from the earth!
The grasping roots grab you!
You die...

♣♣ ♣♣♣♣.♣♣♣♣♣♣
♣♣♣♣♣♣♣....§.≈≈≈≈
♣♣♣♣.Ff.≈≈..@.≈.≈§≈≈
♣≈..≈≈.(♣♣.♣♣♣♣♣♣.≈≈
♣≈.≈≈.♣≈≈♣♣♣♣♣
.≈≈♣≈≈≈.♣♣ ≈≈≈≈≈.♣♣♣
≈≈§≈≈. ≈(≈♣≈ ♣<$.≈
♣.


You could see a shambling mangrove and a spiny frog.

Vanquished Creatures
  The ghost of Lilu the Blocker, a journeyman GnFi of the Shining One (Lair:6)
  A red draconian (Volcano)
  Erolcha (Orc:2)
  8 hydras
  Josephine (Orc:1)
  Fannar (Lair:1)
  A centaur warrior (D:12)
  2 catoblepae (Lair:5)
  2 alligators (Swamp:1)
  2 two-headed ogres (D:12)
  3 orc high priests (Orc:2)
  Urug (Lair:3)
  A salamander mystic (Volcano)
  A wizard (D:9)
  An unseen horror (D:12)
  A swamp dragon (Swamp:1)
  A lindwurm (Lair:4)
  A necromancer (IceCv)
  5 orc sorcerers (Orc:2)
  7 orc knights
  2 manticores (D:12)
  3 wolf spiders
  9 orb spiders (Spider:1)
  2 cyclopes (D:12)
  10 elephants
  A moth of wrath (D:9)
  3 salamanders (Volcano)
  A black mamba (Lair:5)
  2 ice statues (IceCv)
  12 spiny frogs
  2 gargoyles
  3 rime drakes
  4 komodo dragons
  9 ice devils (IceCv)
  3 yaktaurs (D:12)
  3 demonic crawlers (Spider:1)
  3 trolls
  A tyrant leech (Swamp:1)
  5 polar bears
  2 large abominations (D:9)
  2 bog bodies (Swamp:1)
  6 small abominations
  4 hornets
  Prince Ribbit (D:8)
  11 jumping spiders (Spider:1)
  8 blink frogs
  2 dream sheep (Lair:6)
  19 slime creatures
  11 hippogriffs
  19 redbacks
  2 shadows
  2 wyverns
  46 yaks
  8 tarantellas (Spider:1)
  20 spriggans
  5 basilisks
  4 wraiths
  4 hogs (D:8)
  A human (D:8)
  3 hungry ghosts
  A steam dragon (D:9)
  12 vampire mosquitoes
  An acid dragon (D:11)
  3 wargs
  3 water moccasins
  5 porcupines
  3 swamp worms (Swamp:1)
  A necrophage (D:5)
  9 ogres
  33 orc warriors
  10 ice beasts
  A phantom (D:12)
  2 swamp drakes (Swamp:1)
  3 sky beasts
  4 black bears (Lair:6)
  12 centaurs
  4 boggarts (Lair:6)
  14 wolves
  13 crocodiles
  3 big kobolds
  10 bullfrogs
  A wyvern skeleton (D:8)
  3 scorpions
  10 killer bees
  5 wights
  2 electric eels
  4 howler monkeys
  5 crimson imps
  2 centaur zombies
  A draconian simulacrum (IceCv)
  4 jellies
  6 hounds
  12 orc priests
  Crazy Yiuf (D:3)
  3 bullfrog skeletons
  2 centaur skeletons
  A gnoll shaman (D:7)
  5 iguanas
  24 orc wizards
  9 worker ants
  A spriggan simulacrum (IceCv)
  A troll simulacrum (IceCv)
  3 centaur simulacra (IceCv)
  3 hound skeletons
  A howler monkey zombie (D:6)
  4 gnolls (D:7)
  15 adders
  4 naga simulacra (IceCv)
  3 shadow imps
  An ooze (D:7)
  7 worms
  A dart slug (D:1)
  7 leopard geckos
  70 orcs
  4 ball pythons
  5 giant cockroaches
  11 hobgoblins
  18 jackals
  15 kobolds
  6 quokkas
  7 bats
  6 frilled lizards
  10 goblins
  A leopard gecko skeleton (D:5)
  A leopard gecko zombie (D:6)
  A quokka skeleton (D:5)
  A quokka zombie (D:6)
  9 rats
  2 fungi (Lair:6)
765 creatures vanquished.

Vanquished Creatures (collateral kills)
  A spriggan (Lair:6)
  A hornet (Lair:6)
  2 wolves (Lair:6)
4 creatures vanquished.

Vanquished Creatures (others)
  A tarantella (Spider:1)
  10 fungi
  2 plants (Lair:6)
13 creatures vanquished.

Grand Total: 782 creatures vanquished

Notes
Turn   | Place    | Note
-------+----------+-------------------------------------------
     0 | D:1      | Amnesiac the Troll Earth Elementalist began the quest for
                  | the Orb.
     0 | D:1      | Reached XP level 1. HP: 16/16 MP: 1/1
   159 | D:2      | Reached skill level 3 in Earth Magic
   159 | D:2      | Reached XP level 2. HP: 21/24 MP: 0/3
   355 | D:4      | Learned a level 2 spell: Passwall
   359 | D:4      | Reached XP level 3. HP: 23/31 MP: 4/4
   478 | D:4      | Got a faintly glowing falchion
   479 | D:4      | Identified the +6 falchion of Impeachment {flame, rN+} (You
                  | found it on level 4 of the Dungeon)
   497 | D:4      | Reached skill level 4 in Earth Magic
   497 | D:4      | Reached XP level 4. HP: 12/39 MP: 5/5
   589 | D:4      | Learned a level 4 spell: Petrify
   635 | D:4      | Reached XP level 5. HP: 43/45 MP: 4/7
   653 | D:5      | Entered Level 5 of the Dungeon
   668 | D:5      | Noticed a centaur
   680 | D:5      | Killed a centaur
   680 | D:5      | Reached skill level 5 in Earth Magic
   685 | D:5      | Found a burning altar of Makhleb.
   755 | D:4      | Reached XP level 6. HP: 31/53 MP: 8/8
  1409 | D:5      | Reached skill level 6 in Earth Magic
  1455 | D:5      | Found an ancient bone altar of Kikubaaqudgha.
  1483 | D:5      | Found a hazy altar of Hepliaklqana.
  1675 | D:5      | Found a staircase to the Ecumenical Temple.
  1681 | Temple   | Entered the Ecumenical Temple
  2089 | D:2      | Reached XP level 7. HP: 59/59 MP: 9/9
  2660 | D:3      | Found a white marble altar of Elyvilon.
  2840 | D:3      | Found a blossoming altar of Fedhas.
  2840 | D:3      | Found a glowing golden altar of the Shining One.
  2899 | D:3      | Reached skill level 7 in Earth Magic
  3280 | D:3      | Found a runed door.
  3535 | D:3      | Noticed Crazy Yiuf
  3540 | D:3      | Killed Crazy Yiuf
  4198 | D:6      | Found a stormy altar of Qazlal.
  4257 | D:6      | Reached skill level 8 in Earth Magic
  4458 | D:6      | Found a sparkling altar of Nemelex Xobeh.
  4556 | D:6      | Found a bloodstained altar of Trog.
  4647 | D:6      | Reached XP level 8. HP: 37/67 MP: 11/11
  5246 | D:7      | Reached skill level 9 in Earth Magic
  5435 | D:7      | Reached XP level 9. HP: 72/74 MP: 14/14
  5472 | D:7      | Found a stormy altar of Qazlal.
  5603 | D:7      | Learned a level 2 spell: Blink
  5609 | D:7      | Learned a level 5 spell: Lee's Rapid Deconstruction
  5611 | D:7      | Learned a level 1 spell: Confusing Touch
  5613 | D:7      | Learned a level 1 spell: Apportation
  5843 | D:7      | Found a deep blue altar of Sif Muna.
  6096 | D:8      | Noticed a catoblepas
  6193 | D:8      | Found Goowkag's Jewellery Emporium.
  6218 | D:8      | Found a hide-covered altar of Uskayaw.
  6229 | D:8      | Noticed a gargoyle
  6262 | D:8      | Noticed Prince Ribbit
  6300 | D:8      | Killed Prince Ribbit
  6300 | D:8      | Reached skill level 5 in Spellcasting
  6300 | D:8      | Reached skill level 10 in Earth Magic
  6306 | D:8      | Reached skill level 1 in Transmutations
  6537 | D:8      | Reached skill level 1 in Shields
  6549 | D:8      | Found a radiant altar of Vehumet.
  6552 | D:8      | Became a worshipper of Vehumet
  7348 | D:1      | Reached * piety under Vehumet
  7348 | D:1      | Offered knowledge of Sting by Vehumet.
  7529 | D:8      | Killed a gargoyle
  7904 | D:9      | Found a glowing silver altar of Zin.
  7915 | D:9      | Reached XP level 10. HP: 70/81 MP: 10/16
  7923 | D:9      | Reached skill level 5 in Shields
  8664 | D:9      | Found an iron altar of Okawaru.
  8765 | D:9      | Reached ** piety under Vehumet
  9018 | D:9      | Offered knowledge of Freeze by Vehumet.
  9031 | D:9      | Noticed a moth of wrath
  9055 | D:9      | Killed a moth of wrath
  9061 | D:9      | Found a bloodstained altar of Trog.
  9152 | D:9      | Noticed a wizard
  9158 | D:9      | Killed a wizard
  9186 | D:9      | Noticed a large abomination
  9606 | D:9      | Got a fine lapis lazuli ring
  9613 | D:9      | Identified the ring "Cilok" {rC- Str+6 Stlth-} (You found
                  | it on level 9 of the Dungeon)
 10079 | D:10     | Entered Level 10 of the Dungeon
 10183 | D:10     | Reached XP level 11. HP: 89/89 MP: 17/17
 10532 | D:10     | Offered knowledge of Static Discharge by Vehumet.
 10725 | D:10     | Reached skill level 1 in Fighting
 11365 | D:11     | Reached *** piety under Vehumet
 11607 | D:11     | Found a staircase to the Lair.
 12057 | D:11     | Learned a level 3 spell: Conjure Flame
 12188 | D:11     | Learned a level 3 spell: Stone Arrow
 12288 | Lair:1   | Entered Level 1 of the Lair of Beasts
 12288 | Lair:1   | Found a frozen archway.
 12294 | Lair:1   | Offered knowledge of Airstrike by Vehumet.
 12333 | Lair:1   | Reached skill level 11 in Earth Magic
 12341 | IceCv    | Entered an ice cave
 12574 | IceCv    | Noticed a necromancer
 12582 | IceCv    | Killed a necromancer
 12591 | IceCv    | Got blackened acid dragon scales
 12602 | IceCv    | Identified the cursed +1 acid dragon scales of Zowai {rPois
                  | rCorr Str+3} (You found it in an ice cave)
 12837 | IceCv    | Reached XP level 12. HP: 66/105 MP: 17/19
 12860 | IceCv    | Reached **** piety under Vehumet
 12977 | Lair:1   | Noticed Fannar
 13014 | Lair:1   | Killed Fannar
 13857 | Lair:2   | Offered knowledge of Olgreb's Toxic Radiance by Vehumet.
 14141 | Lair:2   | Noticed a six-headed hydra
 14148 | Lair:2   | Killed a six-headed hydra
 14296 | Lair:2   | Found a staircase to the Swamp.
 14552 | Lair:2   | Reached skill level 12 in Earth Magic
 14731 | Lair:2   | Reached ***** piety under Vehumet
 14744 | Lair:2   | Reached skill level 5 in Dodging
 14748 | Lair:2   | Offered knowledge of Throw Icicle by Vehumet.
 14977 | Lair:3   | Identified a paperback manual
 15469 | Lair:3   | Noticed Urug
 15478 | Lair:3   | Killed Urug
 15478 | Lair:3   | Reached skill level 5 in Fighting
 15913 | Lair:4   | Identified a scroll of acquirement {!r}
 16109 | Lair:4   | Found a hole to the Spider Nest.
 16186 | Lair:4   | Found a dark tunnel.
 16192 | Volcano  | Entered a volcano
 16259 | Volcano  | Reached XP level 13. HP: 100/118 MP: 6/21
 16328 | Volcano  | Noticed a red draconian
 16372 | Volcano  | Killed a red draconian
 16678 | Lair:4   | Reached skill level 13 in Earth Magic
 17348 | Lair:5   | Gained mutation: You are partially covered in slimy green
                  | scales. (AC +2) [potion of mutation]
 17348 | Lair:5   | Gained mutation: Your spells are a little harder to cast,
                  | but a little more powerful. [potion of mutation]
 17348 | Lair:5   | Gained mutation: You are resistant to hostile enchantments.
                  | (MR+) [potion of mutation]
 17992 | Lair:5   | Found a viscous altar of Jiyva.
 17993 | Lair:5   | Found a staircase to the Slime Pits.
 18072 | Lair:5   | Found a shimmering altar of Xom.
 18281 | Lair:6   | Entered Level 6 of the Lair of Beasts
 18648 | Lair:6   | Offered knowledge of Iron Shot by Vehumet.
 18663 | Lair:6   | Learned a level 6 spell: Iron Shot
 18804 | Lair:6   | Reached skill level 14 in Earth Magic
 18868 | Lair:6   | Reached XP level 14. HP: 125/131 MP: 24/24
 19047 | Lair:6   | Got a vibrating turquoise ring
 19171 | Lair:6   | Found a runed gate.
 19171 | Lair:6   | Found a runed gate.
 19171 | Lair:6   | Found a runed gate.
 19177 | Lair:6   | Noticed Lilu's ghost (journeyman GnFi)
 19196 | Lair:6   | Found a viscous altar of Jiyva.
 19560 | Lair:6   | Killed Lilu's ghost
 20182 | D:12     | Offered knowledge of Conjure Ball Lightning by Vehumet.
 20909 | D:12     | Found a staircase to the Orcish Mines.
 21414 | Orc:1    | Entered Level 1 of the Orcish Mines
 21420 | Orc:1    | Offered knowledge of Freezing Cloud by Vehumet.
 21635 | Orc:1    | Found a roughly hewn altar of Beogh.
 21898 | Orc:1    | Identified the ring "Sul Pyl" {Ice *Drain rPois rN+ MP+9}
                  | (You found it on level 6 of the Lair of Beasts)
 21918 | Orc:2    | Entered Level 2 of the Orcish Mines
 21918 | Orc:2    | Noticed Josephine
 21919 | Orc:2    | Noticed Erolcha
 22026 | Orc:2    | Killed Erolcha
 22026 | Orc:2    | Reached skill level 15 in Earth Magic
 22036 | Orc:1    | Killed Josephine
 22314 | Orc:2    | Found a staircase to the Elven Halls.
 23116 | Orc:2    | Reached XP level 15. HP: 143/143 MP: 26/26
 23195 | Orc:2    | Found Linnavvi's Assorted Antiques.
 23195 | Orc:2    | Found Riunomix's General Store.
 23198 | Orc:2    | Found Xaz Avaff's Gadget Shoppe.
 23198 | Orc:2    | Found Janwaoc's General Store.
 23286 | Orc:2    | Bought a papyrus book for 465 gold pieces
 23518 | Spider:1 | Entered Level 1 of the Spider Nest
 23736 | Spider:1 | Offered knowledge of Orb of Destruction by Vehumet.
 24336 | Swamp:1  | Entered Level 1 of the Swamp
 24829 | Swamp:1  | Reached skill level 16 in Earth Magic
 25219 | Swamp:2  | Slain by a shambling mangrove

Vault maps used:
D:1:      dpeg_arrival_three_bigger_balls
D:2:      wad_crossroads, nrook_mini_vaults
D:3:      gammafunk_temple_overflow_elements, old_standard_altar,
          uniq_crazy_yiuf_cottage
D:4:      wander_river, first_ration
D:5:      kennysheep_mini_moat, overflow_temple_1_default,
          nicolae_overflow_crystal_walls, minmay_temple_entry_gardened_gates,
          minmay_misc_feat_plants
D:6:      nicolae_overflow_hidden_temple, nemelex_xobeh_ov_fountains_minmay,
          trog_butcher_becter
D:7:      kennysheep_orc_sif_temple, grunt_qazlal_sundering
D:8:      minmay_bloctagon, eat_drink_and_be_merry_uskayaw,
          overflow_temple_1_default, grunt_livestock,
          minmay_shop_enchanted_jewellery, uniq_prince_ribbit1
D:9:      lemuel_crystal_altar, tgw_trog, lemuel_crystal_altar, laboratory
D:10:     kennysheep_generic_room_5
D:11:     david_lair_generic
D:12:     david_orc_1_choice
Temple:   jpeg_temple_island
Lair:1:   portal_ice_cave_entry_ice_beasts, gauntlet_entry_generic,
          grunt_megastairs_4, uniq_fannar
Lair:2:   kb_forest_paths, swamp_mist_pool, serial_bayou_shore_a
Lair:3:   nicolae_quartered_pool_medium, uniq_urug
Lair:4:   spider_nest_entry_web_field, nicolae_volcano_entry_s_turn
Lair:5:   slime_altar_1, st_stairs_3, lemuel_centaur_altar
Lair:6:   minmay_lair_end_enchanted_forest, gammafunk_ghost_ooze, minivault_23,
          st_stairs_11, chequers_serial_rivers_small_3
Swamp:1:  evilmike_swamp_ruin_rubble_1
Swamp:2:  evilmike_swamp_ruin_rubble_2, uniq_kirke
Spider:1: uniq_frances, uniq_rupert
Orc:1:    serial_shops, shop, mines1_david
Orc:2:    st_orc_elflike, uniq_josephine, uniq_erolcha
IceCv:    ice_cave_tombish
Volcano:  volcano_pools

Skill      XL: |  1  2  3  4  5  6  7  8  9 10 11 12 13 14 15 |
---------------+----------------------------------------------+-----
Earth Magic    | 3 4 5 6 8 9 10 11 12 14 15 16 | 16.0
Spellcasting   | 2 3 4 5 6 7 8 |  8.6
Transmutations | 1 |  1.0
Shields        | 4 9 |  9.0
Dodging        | 4 5 7 8 9 |  9.0
Fighting       | 3 5 6 8 9 |  9.0
Stealth        | |  1.0

Action                   |  1- 3 |  4- 6 |  7- 9 | 10-12 | 13-15 || total
-------------------------+-------+-------+-------+-------+-------++-------
Melee: Unarmed           |    57 |       |       |       |       ||    57
       Falchion          |     5 |    75 |   398 |    39 |       ||   517
       Dagger            |       |       |     7 |       |       ||     7
       Staff             |       |       |       |    35 |    22 ||    57
 Cast: Sandblast         |     1 |     6 |    50 |   111 |   354 ||   522
       Passwall          |       |       |     7 |     7 |       ||    14
       Petrify           |       |       |     3 |     5 |    29 ||    37
       Lee's Rapid Decon |       |       |     9 |   215 |   291 ||   515
       Stone Arrow       |       |       |       |   166 |   180 ||   346
       Conjure Flame     |       |       |       |     6 |       ||     6
       Apportation       |       |       |       |     4 |     1 ||     5
       Blink             |       |       |       |       |     3 ||     3
       Iron Shot         |       |       |       |       |    46 ||    46
Evoke: Wand              |       |       |       |    19 |    12 ||    31
  Use: Scroll            |       |       |     4 |    28 |     4 ||    36
       Potion            |       |       |       |     3 |    12 ||    15
 Stab: Sleeping          |     2 |     2 |     5 |       |       ||     9
  Eat: Chunk             |    10 |    15 |    60 |    95 |   147 ||   327
       Ration            |       |       |       |    16 |    11 ||    27
Armor: Robe              |    12 |    21 |   176 |    80 |       ||   289
       Acid dragon scale |       |       |       |    40 |   218 ||   258
       Skin              |       |       |       |       |     1 ||     1
Dodge: Dodged            |    29 |    51 |   223 |   141 |   278 ||   722
       Deflected         |       |       |       |     4 |    10 ||    14
Block: Shield            |       |       |    53 |   203 |   337 ||   593
       Other             |       |       |     6 |       |       ||     6
       Reflection        |       |       |     2 |       |       ||     2
       Rpst.: Falchion   |       |    20 |    63 |    11 |       ||    94

Table legend:
 A = Non-vault XP
 B = Vault XP
 C = Vault XP percentage of total XP
 D = Non-vault monster count
 E = Vault monster count
 F = Vault count percentage of total count
                 A         B        C        D         E       F
            +---------+---------+-------+---------+---------+-------
      Total |   89561 |   45419 |  33.6 |     567 |     200 |  26.1
            +---------+---------+-------+---------+---------+-------
        D:1 |      45 |       0 |   0.0 |      23 |       0 |   0.0
        D:2 |     109 |      23 |  17.4 |      31 |       4 |  11.4
        D:3 |     131 |      39 |  22.9 |      26 |       1 |   3.7
        D:4 |     261 |       0 |   0.0 |      14 |       0 |   0.0
        D:5 |     549 |     136 |  19.9 |      14 |       1 |   6.7
        D:6 |     736 |     104 |  12.4 |      22 |       3 |  12.0
        D:7 |    1297 |      70 |   5.1 |      43 |       2 |   4.4
        D:8 |     226 |    2825 |  92.6 |       7 |      20 |  74.1
        D:9 |    1516 |    2586 |  63.0 |      26 |      15 |  36.6
       D:10 |    1203 |     127 |   9.5 |      15 |       1 |   6.2
       D:11 |    2817 |     928 |  24.8 |      34 |       3 |   8.1
       D:12 |   16655 |     820 |   4.7 |      63 |       9 |  12.5
     Lair:1 |     702 |    2421 |  77.5 |       4 |      11 |  73.3
     Lair:2 |    3714 |    3329 |  47.3 |      15 |      14 |  48.3
     Lair:3 |    3142 |     843 |  21.2 |      14 |       1 |   6.7
     Lair:4 |    6560 |     259 |   3.8 |      15 |       1 |   6.2
     Lair:5 |    8719 |     448 |   4.9 |      25 |       4 |  13.8
     Lair:6 |    6188 |   11110 |  64.2 |      21 |      53 |  71.6
    Swamp:1 |   12597 |       0 |   0.0 |      36 |       0 |   0.0
    Swamp:2 |     271 |       0 |   0.0 |       1 |       0 |   0.0
   Spider:1 |   16125 |       0 |   0.0 |      50 |       0 |   0.0
      Orc:1 |    3504 |    1641 |  31.9 |      34 |       4 |  10.5
      Orc:2 |    2494 |    9344 |  78.9 |      34 |      26 |  43.3
      IceCv |       0 |    4808 | 100.0 |       0 |      22 | 100.0
    Volcano |       0 |    3558 | 100.0 |       0 |       5 | 100.0
            +---------+---------+-------+---------+---------+-------
